Map: 2000 애트모스피어 - 래더

Players

Ryung - Winner!

  • Race: Terran Terran

Creator

  • Race: Protoss Protoss

Event: IEM Katowice 2022

VOD

Have the link to the VOD?

Description

Time

  • Played on: Feb. 23, 2022, 10:44 a.m.
  • Length: 9:22

All games in this series

Show
View Real Time Build Order
Export as new Build Order

Ryung Terran - Winner!

Build Orders:  

Get SALT Encoding   

  12  0:00  SCV  
  13  0:12  SCV  
  14  0:17  Supply Depot  
  14  0:24  SCV  
  15  0:38  SCV  
  15  0:40  Barracks  
  16  0:43  Refinery  
  16  0:50  SCV  
  17  1:02  SCV  
  18  1:15  SCV  
  19  1:27  Marine, Orbital Command  
  20  1:39  Command Center  
  20  1:45  Barracks Reactor  
  20  1:53  SCV  
  21  1:55  Supply Depot  
  21  2:05  Factory  
  21  2:06  SCV  
  22  2:15  Refinery  
  22  2:18  SCV  
  22  2:21  Marine x2  
  25  2:30  SCV  
  26  2:38  Marine  
  26  2:39  Marine  
  26  2:42  SCV  
  29  2:49  Hellion, Starport  
  31  2:54  SCV  
  31  2:55  Orbital Command  
  31  2:58  Marine x2  
  34  3:06  SCV  
  34  3:10  Widow Mine  
  37  3:16  Marine  
  39  3:21  SCV  
  39  3:22  SCV  
  39  3:25  Supply Depot  
  39  3:26  Medivac  
  43  3:32  Widow Mine  
  43  3:33  SCV  
  43  3:34  SCV  
  46  3:46  SCV x2  
  48  3:56  Factory Tech Lab  
  48  3:59  SCV x2  
  48  4:00  Starport Tech Lab  
  48  4:01  Engineering Bay  
  50  4:08  Barracks  
  50  4:09  Bunker  
  50  4:11  SCV x2  
  50  4:13  Supply Depot  
  50  4:15  Siege Tank  
  53  4:18  Refinery  
  53  4:23  SCV  
  54  4:27  SCV, Raven, Marine  
  54  4:28  Marine  
  54  4:30  Supply Depot  
  59  4:34  Supply Depot  
  59  4:35  SCV  
  60  4:39  SCV  
  61  4:47  SCV, Marine x2, Siege Tank  
  61  4:52  SCV  
  66  4:53  Barracks  
  66  4:59  SCV  
  67  5:00  Terran Infantry Weapons Level 1  
  67  5:02  Refinery  
  67  5:04  SCV  
  67  5:05  Marine x2  
  70  5:10  Supply Depot  
  70  5:14  SCV  
  71  5:16  SCV  
  71  5:21  Marine, Stimpack  
  73  5:26  SCV, Starport Reactor  
  73  5:28  Supply Depot, SCV, Marine x2  
  76  5:34  Factory Reactor  
  77  5:39  Supply Depot  
  77  5:49  Marine, Marauder x2, Combat Shield  
  81  5:50  Marine  
  82  5:57  Supply Depot  
  82  6:04  Command Center  
  82  6:07  Marine x2  
  82  6:10  Marauder, Medivac x2  
  82  6:11  Marauder  
  92  6:20  Widow Mine x2  
  92  6:27  Marine x2  
  92  6:28  Supply Depot  
  92  6:29  Supply Depot  
  96  6:40  Marauder, Medivac x2  
  96  6:41  Barracks  
  96  6:42  Barracks  
  96  6:46  Marine x2  
  104  6:47  Marauder  
  104  6:48  Widow Mine  
  104  6:49  Widow Mine  
  108  7:01  Terran Infantry Armor Level 1  
  108  7:07  Marine x2  
  108  7:08  Marauder x2  
  114  7:16  Widow Mine  
  114  7:17  Medivac x2  
  114  7:21  Orbital Command  
  119  7:26  SCV x2  
  119  7:27  Marine x2  
  119  7:28  Barracks Tech Lab  
  119  7:29  Barracks Reactor, Marauder  
  127  7:30  Marauder  
  124  7:38  Widow Mine x2  
  124  7:41  SCV  
  124  7:42  SCV  
  124  7:43  Orbital Command  
  122  7:47  Medivac  
  122  7:50  Marine x2  
  126  7:52  Marauder x2  
  126  7:53  Marauder  
  126  7:57  Supply Depot  
  132  8:01  Supply Depot  
  132  8:05  SCV x2  
  134  8:10  Marine x4  
  143  8:20  Marauder x3  
  137  8:31  Marine x4  
  137  8:32  Widow Mine  
  141  8:35  SCV  
  141  8:36  SCV  
  141  8:41  Marauder x2  
  147  8:42  Marine  
  147  8:48  Widow Mine  
  142  8:49  Marine x4  
  142  8:51  SCV x3  
  141  9:00  Marauder  
  141  9:02  Marine x2  
  138  9:18  Ghost Academy  
  138  9:20  Armory  
Show
View Real Time Build Order
Export as new Build Order

Creator Protoss 

Build Orders: 1 Gate Expand, Blink Stalkers 

Get SALT Encoding   

  12  0:00  Probe  
  13  0:12  Probe  
  14  0:20  Pylon  
  14  0:24  Probe  
  15  0:38  Gateway, Probe (Chrono Boost)  
  16  0:48  Assimilator, Probe (Chrono Boost)  
  17  0:53  Probe (Chrono Boost)  
  18  1:04  Probe  
  19  1:16  Probe  
  20  1:25  Cybernetics Core  
  20  1:32  Nexus  
  20  1:39  Pylon  
  19  1:41  Probe  
  20  1:47  Assimilator  
  20  1:53  Probe (Chrono Boost)  
  21  2:01  Warp Gate, Adept  
  21  2:05  Probe (Chrono Boost)  
  24  2:13  Probe (Chrono Boost)  
  25  2:20  Twilight Council, Probe  
  26  2:31  Adept  
  26  2:32  Probe (Chrono Boost)  
  29  2:43  Probe (Chrono Boost)  
  31  2:46  Probe (Chrono Boost)  
  32  2:52  Probe (Chrono Boost)  
  32  2:53  Probe (Chrono Boost)  
  34  2:58  Probe (Chrono Boost)  
  34  2:59  Blink  
  34  3:02  Probe (Chrono Boost)  
  36  3:14  Probe (Chrono Boost)  
  36  3:15  Probe (Chrono Boost)  
  36  3:16  Robotics Facility  
  37  3:22  Probe (Chrono Boost)  
  37  3:24  Probe (Chrono Boost)  
  39  3:28  Probe  
  39  3:30  Gateway  
  40  3:34  Probe  
  40  3:40  Gateway, Probe  
  40  3:41  Gateway  
  42  3:46  Probe  
  41  3:50  Stalker  
  41  3:52  Probe  
  42  3:59  Probe  
  43  4:04  Probe  
  43  4:06  Observer  
  45  4:11  Probe  
  45  4:13  Pylon, Nexus  
  45  4:14  Pylon  
  46  4:19  Pylon  
  46  4:29  Assimilator  
  46  4:31  Probe x2  
  48  4:32  Stalker x2  
  52  4:39  Stalker  
  52  4:43  Probe (Chrono Boost)  
  56  4:45  Probe (Chrono Boost)  
  52  4:55  Probe (Chrono Boost), Observer  
  52  4:59  Stalker, Probe (Chrono Boost)  
  56  5:01  Probe (Chrono Boost)  
  56  5:06  Charge (Chrono Boost)  
  57  5:07  Probe  
  57  5:08  Forge  
  57  5:09  Probe  
  59  5:19  Probe (Chrono Boost)  
  60  5:23  Probe (Chrono Boost)  
  60  5:27  Probe (Chrono Boost)  
  62  5:30  Gateway  
  62  5:32  Gateway, Probe (Chrono Boost)  
  62  5:33  Immortal  
  62  5:34  Sentry  
  66  5:38  Probe (Chrono Boost)  
  66  5:39  Probe (Chrono Boost)  
  66  5:40  Probe (Chrono Boost)  
  72  5:43  Probe (Chrono Boost)  
  72  5:45  Probe (Chrono Boost)  
  72  5:46  Probe (Chrono Boost)  
  72  5:47  Pylon  
  75  5:52  Gateway  
  75  5:56  Gateway  
  75  5:59  Gateway  
  75  6:02  Zealot  
  77  6:06  Probe x3  
  77  6:08  Warp Prism  
  78  6:13  Observer  
  76  6:20  Probe x2  
  76  6:21  Probe  
  76  6:23  Sentry x2, Zealot  
  85  6:25  Observer  
  85  6:27  Zealot  
  85  6:28  Zealot  
  89  6:33  Pylon  
  89  6:35  Probe  
  89  6:36  Probe  
  91  6:44  Pylon  
  91  6:45  Pylon  
  91  6:48  Shield Battery  
  91  6:51  Probe x3  
  91  6:53  Assimilator  
  94  6:55  Templar Archives, Assimilator  
  94  6:58  Stalker  
  94  6:59  Stalker  
  98  7:07  Zealot x3  
  98  7:08  Zealot  
  106  7:13  Stalker, Zealot  
  109  7:21  Zealot  
  98  7:27  Stalker  
  97  7:31  Zealot  
  97  7:34  Zealot x4  
  99  7:39  Zealot  
  95  7:47  Probe x3  
  95  7:50  Psionic Storm  
  98  7:54  Pylon  
  98  7:55  High Templar x2, Zealot x2  
  98  7:56  Zealot  
  108  8:01  Probe  
  108  8:02  Probe x2  
  111  8:14  Archon  
  111  8:15  Zealot x3  
  111  8:19  Stalker x2  
  113  8:29  Zealot x2  
  113  8:30  Zealot  
  113  8:31  Immortal  
  121  8:40  Pylon  
  113  8:41  Pylon  
  113  8:45  Stalker x3  
  115  8:50  Probe x3  
  115  8:53  Zealot  
  114  8:57  Zealot  
  114  9:00  Zealot  
  112  9:14  Zealot x3  

Tags
 
Add a new tag
Caveats
  • Supply blocks, unpowered buildings, or Contaminate may cause inaccurate times.
  • Supply counts are checked every 10 seconds.